 Dungeon Crawl Stone Soup version 0.30.1-9-gdf580d7c3d (webtiles) character file.

Game seed: 3442814097671524473

756 LynnLen the Sneak (level 7, -2/35 HPs)
             Began as a Spriggan Enchanter on Oct 7, 2023.
             Slain by a phantom (10 damage)
             ... on level 4 of the Dungeon.
             The game lasted 00:15:41 (4581 turns).

LynnLen the Sneak (Spriggan Enchanter)              Turns: 4581, Time: 00:15:42

Health: -2/35      AC:  3    Str:  4    XL:     7   Next: 50%
Magic:  10/14      EV:  4    Int: 24    God:
Gold:   591        SH:  0    Dex: 16    Spells: 6/14 levels left

rFire   . . .        g - +2 dagger (venom)
rCold   . . .        (no shield)
rNeg    . . .        b - +0 robe
rPois   .            (helmet restricted)
rElec   .            t - +0 cloak
rCorr   .            (gloves unavailable)
SInv    +            (boots unavailable)
Will    +....        (no amulet)
Stlth   +++          q - +6 ring of intelligence
HPRegen 0.25/turn    (no ring)
MPRegen 0.14/turn

%: no passive effects
@: sleeping, very quick
A: very small, no large weapons, unfitting armour, see invisible, speed 3
a: no special abilities


You were on level 4 of the Dungeon.
You visited 1 branch of the dungeon, and saw 5 of its levels.

You collected 591 gold pieces.

Inventory:

Hand Weapons
 a - a +1 dagger
 g - a +2 dagger of venom (weapon)
Missiles
 h - 17 poisoned darts
 x - a throwing net
 y - 2 atropa-tipped darts
Armour
 b - a +0 robe (worn)
 t - a +0 cloak (worn)
Jewellery
 q - a +6 ring of intelligence (left hand)
Wands
 s - a wand of digging (9)
Scrolls
 j - 2 scrolls of poison {unknown}
 m - a scroll of summoning {unknown}
 n - a scroll of enchant armour {unknown}
 o - a scroll of brand weapon {unknown}
 u - 2 scrolls of immolation {unknown}
Potions
 c - 2 potions of invisibility
 d - a potion of mutation
 e - a potion of flight
 f - 3 potions of lignification
 i - a potion of cancellation
 k - 2 potions of berserk rage
 l - a potion of haste {unknown}
 p - 2 potions of might
 r - a potion of resistance {unknown}
 v - a potion of heal wounds {unknown}
 w - 2 potions of curing {unknown}


   Skills:
 + Level 2.0 Fighting
 * Level 4.2 Short Blades
 + Level 2.3 Throwing
 + Level 4.4 Dodging
 + Level 6.1 Stealth
 + Level 4.2 Spellcasting
 * Level 6.0 Hexes


You had 6 spell levels left.
You knew the following spells:

 Your Spells              Type           Power      Damage    Failure   Level
a - Ensorcelled Hibernat  Hex/Ice        38%        N/A       4%          2
b - Confusing Touch       Hex            34%        N/A       2%          3
c - Tukima's Dance        Hex            34%        N/A       2%          3

Your spell library contained the following spells:

 Spells                   Type           Power      Damage    Failure   Level
 Dazzling Flash           Conj/Hex       38%        N/A       9%          3
 Kiss of Death            Conj/Necr      20%        2d7       10%         1
 Necrotise                Necr           20%        1d5       10%         1
 Sublimation of Blood     Necr           5%         N/A       14%         2
 Wereblood                Tmut           5%         N/A       14%         2
 Anguish                  Hex/Necr       9%         N/A       26%         4
 Spider Form              Tmut/Pois      5%         N/A       28%         3
 Vampiric Draining        Necr           5%         2d6       28%         3
 Dispel Undead            Necr           5%         3d7       67%         4
 Agony                    Necr           5%         N/A       95%         5
 Summon Hydra             Summ           2%         N/A       100%        7


Dungeon Overview and Level Annotations

Branches:
Dungeon (5/15)
 Temple: D:4-7

Altars:
Nemelex Xobeh
Ru

Shops:
D:4 (


Innate Abilities, Weirdness & Mutations

You are very small and have problems with some larger weapons.
You are too small for most types of armour.
You have supernaturally acute eyesight. (SInv)
You cover ground extremely quickly. (Speed+++)


Message History

The phantom hits you. The sleepcap completely misses you.
Unknown command.
You hit the sleepcap but do no damage. The phantom hits you.
The phantom blinks!
You blink.
The phantom misses you. The phantom barely misses you.
You hit the phantom but do no damage.
The phantom appears confused.
You strike the helpless phantom from behind!
You impale the phantom!!
The phantom is almost destroyed.
The phantom hits you but does no damage.
Casting: Confusing Touch (dangerous; 2% risk of failure)
Press: ? - help, Q - select action, (/) - cycle Dir - look around, f - activate Your hands begin to glow red.
Unknown command.
You closely miss the phantom.
The phantom is almost destroyed.
The phantom completely misses you. The sleepcap releases spores at you.
You are engulfed in a cloud of soporific spores!
You fall asleep.
The sleepcap releases spores at you!
You wake up.
You hit the sleepcap but do no damage.
The sleepcap appears confused.
The phantom hits you.
You hit the sleepcap.
The sleepcap is lightly damaged.
The sleepcap misses you.
You hit the sleepcap but do no damage.
The sleepcap is poisoned.
The sleepcap is lightly damaged.
The sleepcap completely misses you.
You hit the sleepcap.
The sleepcap looks as sick as possible!
The sleepcap is lightly damaged.
You hit the sleepcap.
The sleepcap is heavily damaged.
The phantom seems less confused.
The sleepcap releases spores at you.
* * * LOW HITPOINT WARNING * * *
You are engulfed in a cloud of soporific spores!
You fall asleep.
The phantom hits you!
You die...

...#...#........#........#.......
#.##...##......####......#.......
.####..###....### ##.............
.# ##...###''##.# #..........##.
.# #..)##.#..##.# #..........#..
.####.###...)...####.........###.
..##...##.....#.#.f÷(.....##.###.
#..#.##...........##.#...###..##.
#.........)....W@..####.##......#
...................#.#).###.#...#
.###...............(....##..####.
.#......................##..# #.
..................>.........## #.
##..#........................# #.
#.###......##>............### ##
#####......##.##..........## #
###........#####..##......##


You could see a phantom and a sleepcap (confused, very poisoned).

Vanquished Creatures
  Grinder (D:3)
  Pargi (D:3)
  A bullfrog (D:4)
  A scorpion (D:4)
  A jelly (D:4)
  A hound (D:4)
  Crazy Yiuf (D:2)
  An iguana (D:4)
  Natasha (thrice) (D:3)
  Robin (D:2)
  6 adders
  3 worms
  2 dart slugs
  3 orcs (D:4)
  9 ball pythons
  4 endoplasms
  3 giant cockroaches (D:4)
  13 goblins
  7 hobgoblins
  2 quokkas (D:1)
  4 bats (D:2)
  4 frilled lizards
  4 kobolds
  10 rats
86 creatures vanquished.

Vanquished Creatures (collateral kills)
  A ball python (D:4)
  A kobold (D:4)
2 creatures vanquished.

Grand Total: 88 creatures vanquished

Notes
Turn   | Place    | Note
-------+----------+-------------------------------------------
     0 | D:1      | LynnLen the Spriggan Enchanter began the quest for the Orb.
     0 | D:1      | Reached XP level 1. HP: 9/9 MP: 5/5
    87 | D:1      | You fall into a shaft and drop 1 floor!
   114 | D:2      | Found a sparkling altar of Nemelex Xobeh.
   408 | D:2      | Reached XP level 2. HP: 13/13 MP: 6/6
   550 | D:2      | Learned a level 2 spell: Ensorcelled Hibernation
  1561 | D:2      | Noticed Robin
  1585 | D:2      | Reached XP level 3. HP: 16/17 MP: 8/8
  1624 | D:2      | Learned a level 3 spell: Confusing Touch
  1626 | D:2      | Killed Robin
  1632 | D:2      | Learned a level 3 spell: Tukima's Dance
  2037 | D:2      | Reached XP level 4. HP: 17/21 MP: 9/9
  2293 | D:2      | Found a runed translucent door.
  2294 | D:2      | Noticed Crazy Yiuf
  2299 | D:2      | Killed Crazy Yiuf
  2300 | D:2      | Reached skill level 1 in Fighting
  2300 | D:2      | Reached skill level 1 in Throwing
  2300 | D:2      | Reached skill level 5 in Stealth
  2388 | D:3      | Noticed Natasha
  2428 | D:3      | Killed Natasha
  2470 | D:3      | Noticed Natasha
  2475 | D:3      | Noticed Grinder
  2482 | D:3      | Found a sacrificial altar of Ru.
  2562 | D:3      | Paralysed by Grinder for 3 turns
  2677 | D:3      | Reached XP level 5. HP: 25/25 MP: 10/10
  2834 | D:3      | Killed Natasha
  2891 | D:3      | Noticed Pargi
  2939 | D:3      | Killed Pargi
  3160 | D:3      | Paralysed by Grinder for 2 turns
  3162 | D:3      | Killed Grinder
  3163 | D:3      | Reached skill level 5 in Hexes
  3163 | D:3      | Reached XP level 6. HP: 29/30 MP: 9/12
  3491 | D:4      | Found Nona's Firing Range.
  3563 | D:3      | Noticed Natasha
  3566 | D:3      | Killed Natasha
  3600 | D:4      | Reached XP level 7. HP: 32/34 MP: 4/14
  4552 | D:5      | Entered Level 5 of the Dungeon
  4581 | D:4      | Slain by a phantom

Illustrated notes

Levels and vault maps discovered:
D:1:      grunt_arrival_lava_bath, layout_basic
D:2:      layout_loops_corners, basic_altar, uniq_crazy_yiuf_cottage, uniq_robin
D:3:      layout_basic, lemuel_tele_altar, uniq_grinder, uniq_pargi,
          uniq_natasha
D:4:      minmay_polygon_palace, layout_cave_pools, nicolae_shop_firing_range
D:5:      layout_rooms, serial_curves, eino_curves_01, eino_curves_04,
          uniq_pikel

Skill      XL: |  1  2  3  4  5  6  7 |
---------------+----------------------+-----
Dodging        | 3 4 |  4.4
Hexes          | 4 5 6 |  6.0
Spellcasting   | 3 4 |  4.2
Short Blades   | 2 3 4 |  4.2
Fighting       | 1 2 |  2.0
Throwing       | 1 2 |  2.3
Stealth        | 5 6 |  6.1

Action                     |  1- 3 |  4- 6 |  7- 9 || total
---------------------------+-------+-------+-------++-------
  Melee: Dagger            |   127 |    40 |    59 ||   226
         Punch             |     2 |     1 |     2 ||     5
  Throw: Dart              |       |     7 |     2 ||     9
   Cast: Ensorcelled Hiber |    14 |    11 |    19 ||    44
         Confusing Touch   |       |     1 |     2 ||     3
         Tukima's Dance    |       |       |     2 ||     2
    Use: Scroll            |     2 |     3 |       ||     5
   Stab: Sleeping          |    17 |    12 |    13 ||    42
         Confused          |       |       |     1 ||     1
 Armour: Robe              |     9 |     5 |    10 ||    24
  Dodge: Dodged            |    96 |    15 |    55 ||   166
